Map: Dragon Scales LE

Players

K.I.-2 (Sehr leicht)

  • Race: Terran Terran
  • Spawn Location: 5:00

Xung - Winner!

  • Race: Terran Terran
  • League: Master
  • Spawn Location: 11:00

VOD

Have the link to the VOD?

Description

Time

  • Played on: April 6, 2023, 1:24 p.m.
  • Length: 8:10
Show
View Real Time Build Order
Export as new Build Order

K.I.-2 (Sehr leicht) Terran 

Build Orders:  

Get SALT Encoding   

  12  0:00  SCV  
  13  0:13  SCV  
  14  0:18  Supply Depot  
  14  0:37  Refinery  
  14  0:43  Barracks  
  14  1:03  Supply Depot  
  14  1:11  Refinery  
  14  1:29  SCV  
  14  1:31  Marine  
  16  1:41  SCV  
  17  1:53  SCV  
  18  2:04  Marine  
  18  2:05  SCV  
  20  2:18  SCV  
  21  2:30  SCV  
  22  2:38  Marine  
  22  2:43  Orbital Command  
  22  4:10  SCV  
  22  4:16  Marine  
  21  4:45  Marine  
  22  4:51  SCV  
  20  5:03  SCV  
  21  5:13  Marine  
  22  5:42  Marine  
  23  5:51  SCV  
  23  5:54  Factory  
  23  5:56  Supply Depot  
  24  6:03  SCV  
  23  6:15  Marine  
  23  6:18  SCV  
  25  6:21  Supply Depot  
  25  6:30  SCV  
  26  6:38  Starport  
  26  6:42  SCV  
  27  6:48  Marine  
  27  6:53  Command Center  
  28  7:00  SCV  
  25  7:08  Barracks Tech Lab  
  14  7:12  SCV  
  14  7:15  Starport Tech Lab  
  8  7:22  Factory  
  5  7:23  Supply Depot  
  5  7:24  SCV  
  5  7:26  Marine  
  6  7:35  Refinery, Raven  
  6  7:36  SCV  
  8  7:48  SCV  
  8  7:50  Refinery  
  8  8:06  Refinery  
Show
View Real Time Build Order
Export as new Build Order

Xung Terran - Winner!

Build Orders:  

Get SALT Encoding   

  12  0:00  SCV  
  13  0:12  SCV  
  14  0:17  Supply Depot  
  14  0:24  SCV  
  15  0:38  SCV  
  15  0:39  Barracks  
  16  0:44  Refinery  
  16  0:50  SCV  
  16  0:54  Refinery  
  17  1:02  SCV  
  18  1:10  Barracks  
  18  1:15  SCV  
  19  1:26  Reaper  
  20  1:34  Orbital Command  
  20  1:48  Factory  
  20  2:00  Supply Depot  
  21  2:01  SCV  
  21  2:04  Reaper  
  21  2:07  Reaper  
  23  2:22  SCV  
  24  2:32  Hellion  
  24  2:35  Supply Depot, SCV  
  24  2:36  Reaper  
  28  2:39  Reaper  
  29  2:47  SCV  
  29  2:50  Supply Depot  
  30  2:57  Hellion  
  32  3:01  SCV  
  33  3:08  Reaper  
  33  3:11  Reaper  
  35  3:18  Hellion  
  37  3:21  Command Center  
  37  3:25  SCV  
  38  3:40  Factory Tech Lab  
  38  3:41  Starport  
  38  3:43  Barracks Tech Lab  
  38  3:46  SCV  
  38  3:47  Barracks Reactor  
  39  3:48  Factory Tech Lab  
  39  3:49  Barracks Tech Lab  
  39  3:58  SCV  
  40  4:03  Refinery  
  40  4:08  Siege Tank  
  43  4:10  SCV  
  43  4:13  Marine  
  45  4:19  Stimpack  
  45  4:22  SCV  
  46  4:33  Orbital Command  
  46  4:35  SCV  
  47  4:39  Marine  
  47  4:40  Marine, Starport Reactor  
  47  4:45  Siege Tank  
  52  4:47  SCV  
  53  4:54  Marine  
  53  4:57  Marine  
  53  4:59  SCV  
  56  5:02  SCV  
  56  5:03  Supply Depot  
  56  5:06  Supply Depot  
  57  5:11  SCV  
  58  5:14  Marine x2, SCV  
  58  5:15  Marine  
  62  5:25  SCV, Siege Tank, Medivac x2  
  62  5:28  SCV  
  71  5:30  Supply Depot  
  71  5:32  Marine  
  71  5:34  Marine  
  73  5:36  Marine  
  73  5:37  SCV  
  73  5:40  SCV  
  76  5:49  SCV  
  77  5:50  Marine  
  77  5:52  Marine, SCV  
  77  5:55  Supply Depot, Medivac x2  
  84  6:01  SCV, Combat Shield  
  85  6:04  Refinery  
  85  6:07  SCV  
  86  6:16  Marine  
  87  6:19  SCV  
  87  6:20  SCV, Command Center  
  87  6:22  Supply Depot  
  87  6:25  Siege Tank  
  92  6:32  SCV  
  93  6:34  SCV  
  94  6:41  Engineering Bay, Barracks  
  94  6:44  SCV  
  94  6:46  Medivac x2  
  99  6:47  SCV  
  99  6:49  Marine x2  
  99  6:50  Supply Depot  
  102  7:11  Marine x3, SCV x2, Siege Tank  
  102  7:13  Supply Depot  
  110  7:30  Barracks Reactor, Barracks  
  110  7:31  Marine x2, Medivac x2  
  110  7:32  SCV x2, Barracks  
  110  7:35  Supply Depot  
  118  7:39  Marine  
  118  7:44  SCV x2  
  121  7:49  Marine x2  
  126  7:56  SCV x2  
  128  8:00  Supply Depot  
Tags
 
League
Master
Matchup
TvT
Race
Terran
Spawn Locations
Cross Positions
Add a new tag
Caveats
  • Supply blocks, unpowered buildings, or Contaminate may cause inaccurate times.
  • Supply counts are checked every 10 seconds.